 Dungeon Crawl Stone Soup version 0.21.1-1-g345015fe64 (webtiles) character file.

1243 Loge the Grappler (level 8, -4/80 HPs)
             Began as a Troll Monk on July 18, 2018.
             Was an Elder of Trog.
             Slain by Loge's ghost (18 damage)
             ... on level 5 of the Dungeon.
             The game lasted 00:08:22 (3851 turns).

Loge the Grappler (Troll Monk)                      Turns: 3851, Time: 00:08:23

Health: -4/80      AC:  5    Str: 20    XL:     8   Next: 25%
Magic:  16/16      EV: 10    Int:  6    God:    Trog [****..]
Gold:   158        SH:  0    Dex: 14    Spells: 7/7 levels left

rFire    . . .     SeeInvis .     - Unarmed
rCold    . . .     Gourm    +   (no shield)
rNeg     . . .     Faith    .   a - +0 robe
rPois    .         Spirit   .   (helmet restricted)
rElec    .         Reflect  .   (no cloak)
rCorr    .         Harm     .   (gloves unavailable)
MR       .....                  (boots unavailable)
Stlth    +++.......             (no amulet)
HPRegen  0.63/turn              A - ring of magical power
MPRegen  0.15/turn              C - ring of stealth

@: no status effects
A: large, unfitting armour, claws 3, fast metabolism 3, gourmand, regeneration
1, shaggy fur 1, tough skin 2
a: Berserk, Trog's Hand, Brothers in Arms, Burn Spellbooks, Renounce Religion


You were on level 5 of the Dungeon.
You worshipped Trog.
Trog was greatly pleased with you.
You were very full.

You visited 1 branch of the dungeon, and saw 5 of its levels.

You collected 158 gold pieces.

Inventory:

Hand Weapons
 s - a +0 hunting sling
Missiles
 d - 68 sling bullets
 e - 317 stones (quivered)
 g - 12 poisoned needles
 k - 2 large rocks
 r - 2 tomahawks of returning
Armour
 a - a +0 robe (worn)
Jewellery
 A - a ring of magical power (left claw)
 C - a ring of stealth (right claw)
 D - an uncursed ring of see invisible {unknown}
Wands
 x - a wand of random effects (11)
 y - a wand of disintegration (36)
Scrolls
 i - a scroll of fear {unknown}
 j - 4 scrolls of fog
 m - 3 scrolls of remove curse {unknown}
 o - a scroll of enchant weapon {unknown}
 p - 5 scrolls of teleportation {unknown}
 q - 3 scrolls of identify
 v - a scroll of blinking {unknown}
 w - a scroll of noise {unknown}
 B - a scroll of magic mapping {unknown}
Potions
 c - a potion of brilliance
 h - 2 potions of heal wounds
 l - 4 potions of agility
 n - a potion of flight
 t - 3 potions of curing
 u - a potion of might
Books
 z - a book of Changes

   Spells                             Type                      Level
   a - Beastly Appendage              Transmutation                1
   b - Sticks to Snakes               Transmutation                2
   c - Spider Form                    Transmutation/Poison         3
   d - Ice Form                       Ice/Transmutation            4
   e - Blade Hands                    Transmutation                5
   Trog disapproves of the use of such an item.
Comestibles
 b - 11 rations
 f - 14 chunks of flesh


   Skills:
 + Level 5.3 Fighting
 - Level 2.4 Dodging
 - Level 1.0 Stealth
 * Level 8.8 Unarmed Combat


You had 7 spell levels left.
You didn't know any spells.

Dungeon Overview and Level Annotations

Branches:
Dungeon (5/15)
 Temple: D:4-7

Altars:
Ashenzari
Cheibriados
Fedhas
Ru
Trog
Uskayaw
Vehumet
Wu Jian
Xom

Annotations:
D:5 Loge's ghost, novice TrMo


Innate Abilities, Weirdness & Mutations

You are too large for most types of armour.
You have claws for hands.
Your metabolism is lightning-fast.
You like to eat raw meat.
Your natural rate of healing is unusually fast.
You are covered in fur. (AC +1)
You have very tough skin. (AC +2)


Message History

Loge's ghost is severely damaged.
Loge's ghost barely misses you.
You closely miss Loge's ghost.
Loge's ghost is severely damaged.
You closely miss Loge's ghost.
Loge's ghost is severely damaged.
Loge's ghost closely misses you.
You scratch Loge's ghost but do no damage.
Loge's ghost is severely damaged.
Loge's ghost hits you!
* * * LOW HITPOINT WARNING * * *
You claw Loge's ghost!
Loge's ghost is severely damaged.
Loge's ghost hits you!
* * * LOW HITPOINT WARNING * * *
Loge's ghost lets out a mournful wail.
Some of the chunks of flesh in your inventory have rotted away.
Loge's ghost flexes its fingers.
Loge's ghost hits you!!
You die...

.............####...# ....
.............####...##....
............#.......!#
###...#......#........#
......#......#........# ####
.............#........##....
...........###..............
............(................
...............@.##.............
...............W..##......##.....
.................................
..........................###....
..>..............................
........................)###.....
..................#####..........
#................#..............
#................#.#.........##.


You could see Loge's ghost.

Vanquished Creatures
  Grinder (D:3)
  An ice beast (D:5)
  A phantom (D:4)
  An ogre (D:5)
  2 scorpions
  3 crimson imps (D:5)
  3 hounds
  A jelly (D:4)
  3 orc wizards
  Jessica (D:2)
  3 worker ants
  Robin (D:3)
  7 adders
  4 gnolls (D:3)
  A howler monkey skeleton (D:4)
  An ooze (D:1)
  An adder skeleton (D:5)
  2 worms (D:3)
  7 dart slugs
  3 leopard geckos
  20 orcs
  9 bats
  2 giant cockroaches
  19 goblins
  15 hobgoblins
  7 jackals
  11 kobolds
  4 quokkas
  A frilled lizard (D:1)
  A jackal skeleton (D:5)
  8 rats
144 creatures vanquished.

Notes
Turn   | Place    | Note
-------+----------+-------------------------------------------
     0 | D:1      | Loge the Troll Monk began the quest for the Orb.
     0 | D:1      | Reached XP level 1. HP: 22/22 MP: 0/0
   140 | D:1      | Reached XP level 2. HP: 29/29 MP: 1/1
   420 | D:1      | Reached XP level 3. HP: 33/36 MP: 2/2
   494 | D:1      | Reached skill level 4 in Unarmed Combat
   874 | D:2      | Noticed Jessica
   880 | D:2      | Killed Jessica
   880 | D:2      | Reached XP level 4. HP: 45/45 MP: 3/3
   933 | D:2      | Found a bloodstained altar of Trog.
  1559 | D:2      | Found a sacrificial altar of Ru.
  1620 | D:2      | Found an ornate altar of the Wu Jian Council.
  1970 | D:2      | Became a worshipper of Trog the Wrathful
  1970 | D:2      | Reached * piety under Trog
  1970 | D:2      | Reached ** piety under Trog
  2015 | D:3      | Reached skill level 5 in Unarmed Combat
  2015 | D:3      | Reached XP level 5. HP: 53/53 MP: 4/4
  2179 | D:3      | Noticed Robin
  2203 | D:3      | Killed Robin
  2324 | D:3      | Noticed Grinder
  2335 | D:3      | Reached *** piety under Trog
  2418 | D:3      | Killed Grinder
  2418 | D:3      | Reached skill level 6 in Unarmed Combat
  2418 | D:3      | Reached XP level 6. HP: 57/62 MP: 5/5
  2666 | D:3      | Found a blossoming altar of Fedhas.
  2851 | D:4      | Reached XP level 7. HP: 53/70 MP: 6/6
  2906 | D:4      | Reached skill level 7 in Unarmed Combat
  3107 | D:4      | Found a hide-covered altar of Uskayaw.
  3242 | D:4      | Found a shattered altar of Ashenzari.
  3346 | D:4      | Found a radiant altar of Vehumet.
  3528 | D:5      | Entered Level 5 of the Dungeon
  3598 | D:5      | Found a shimmering altar of Xom.
  3608 | D:5      | Found a snail-covered altar of Cheibriados.
  3611 | D:5      | Reached skill level 8 in Unarmed Combat
  3628 | D:5      | Reached skill level 5 in Fighting
  3631 | D:5      | Reached XP level 8. HP: 77/80 MP: 7/7
  3709 | D:5      | Reached **** piety under Trog
  3787 | D:5      | Noticed Loge's ghost (novice TrMo)
  3836 | D:5      | HP: 4/80 [Loge's ghost (12)]
  3851 | D:5      | Slain by Loge's ghost

Skill      XL: |  1  2  3  4  5  6  7 |
---------------+----------------------+-----
Unarmed Combat | 4 5 6 8 |  8.8
Fighting       | 3 4 5 |  5.3
Dodging        | |  2.4
Stealth        | |  1.0

Action                   |  1- 3 |  4- 6 |  7- 9 || total
-------------------------+-------+-------+-------++-------
Melee: Unarmed           |    78 |   194 |   128 ||   400
       Punch             |       |     3 |     6 ||     9
Invok: Berserk           |       |     1 |       ||     1
  Use: Scroll            |       |       |     8 ||     8
 Stab: Sleeping          |     5 |     4 |     2 ||    11
       Distracted        |       |       |     1 ||     1
  Eat: Chunk             |    14 |    19 |     8 ||    41
Armor: Robe              |    19 |    61 |    30 ||   110
Dodge: Dodged            |    40 |   115 |    46 ||   201
